 Dungeon Crawl Stone Soup version 0.30-a0-711-gf4ac18a38d (webtiles) character file.

Game seed: 16634576052154435152

19826 greenreed the Brawler (level 12, -4/115 HPs)
             Began as a Troll Monk on Jan 22, 2023.
             Was the Champion of Okawaru.
             Succumbed to Nessos's poison
             ... on level 12 of the Dungeon.
             The game lasted 00:35:00 (10568 turns).

greenreed the Brawler (Troll Monk)                 Turns: 10568, Time: 00:35:01

Health: -4/115     AC:  5    Str: 26    XL:     12   Next: 40%
Magic:  11/11      EV: 11    Int:  6    God:    Okawaru [******]
Gold:   121        SH: 15    Dex: 12    Spells: 11/11 levels left

rFire   x . .      SeeInvis .      - Unarmed
rCold   + . .      Faith    .    H - +1 kite shield {reflect}
rNeg    . . .      Spirit   .    r - +0 robe {Will+}
rPois   +          Reflect  +    (helmet restricted)
rElec   .          Harm     .    O - +0 cloak {rPois}
rCorr   .          Rampage  .    (gloves unavailable)
Will    +....                    (boots unavailable)
Stlth   ++                       m - amulet of reflection
HPRegen 1.19/turn                f - +4 ring of slaying
MPRegen 0.12/turn                x - ring of ice

@: lethally poisoned (-4 -> -27), studying Unarmed Combat
A: large, unfitting armour, claws 3, regeneration 1, shaggy fur 1, tough skin 1
a: Renounce Religion, Heroism, Finesse, Duel


You were on level 12 of the Dungeon.
You worshipped Okawaru.
Okawaru was exalted by your worship.
You visited 2 branches of the dungeon, and saw 13 of its levels.
You also visited: Sewer and Bailey.

You collected 1823 gold pieces.
You spent 1702 gold pieces at shops.

Inventory:

Hand Weapons
 R - a +2 whip of flaming
Missiles
 a - 3 large rocks (quivered)
 G - 4 datura-tipped darts
 N - 2 javelins
 V - a throwing net
 X - 2 curare-tipped darts
Armour
 r - a +0 robe of willpower (worn)
 y - a +2 tower shield of protection
 D - the +18 shield of the Gong {Loud rElec rN+ Will+ EV-5}
   (You found it on level 10 of the Dungeon)

   Loud:      It is deafeningly noisy when blocking attacks.
   EV:        It affects your evasion (-5).
   rElec:     It insulates you from electricity.
   rN:        It protects you from negative energy.
   Will:      It increases your willpower.
 H - a +1 kite shield of reflection (worn)
 O - a +0 cloak of poison resistance (worn)
 Q - a +1 robe of fire resistance
 Y - a +1 robe of cold resistance
Jewellery
 f - a +4 ring of slaying (left claw)
 m - an amulet of reflection (around neck)
 x - a ring of ice (right claw)
 A - an amulet of regeneration
 J - a ring of protection from fire
 K - a ring of poison resistance
 U - a ring of flight
 Z - a ring of positive energy
Wands
 l - a wand of flame (63)
 v - a wand of roots (2)
 w - a wand of digging (18)
 L - a wand of mindburst (12)
 P - a wand of light (10)
Scrolls
 b - a scroll of enchant weapon {unknown}
 e - 2 scrolls of enchant armour {unknown}
 g - 3 scrolls of fog
 i - 2 scrolls of poison
 n - 2 scrolls of magic mapping
 p - a scroll of fear
 t - a scroll of amnesia {unknown}
 B - 4 scrolls of teleportation
 I - 2 scrolls of silence
 T - a scroll of butterflies {unknown}
 W - 2 scrolls of blinking {unknown}
Potions
 c - 4 potions of cancellation
 d - 11 potions of curing
 h - 5 potions of might
 j - a potion of resistance
 k - 7 potions of attraction
 o - a potion of berserk rage {unknown}
 q - 5 potions of brilliance
 s - 6 potions of heal wounds {unknown}
 u - 2 potions of mutation {unknown}
 z - 2 potions of experience {unknown}
 E - a potion of lignification {unknown}
 F - a potion of haste {unknown}
 S - a potion of flight {unknown}
Miscellaneous
 C - a condenser vane
 M - a phial of floods


   Skills:
 * Level 6.4 Fighting
 + Level 0.7 Throwing
 + Level 7.1 Dodging
 + Level 3.6 Stealth
 + Level 6.0 Shields
 * Level 18.7 Unarmed Combat


You had 11 spell levels left.
You didn't know any spells.
Your spell library contained the following spells:

 Spells                   Type           Power      Damage    Failure   Level
 Ensorcelled Hibernation  Hex/Ice        0%         N/A       85%         2
 Passwall                 Tmut/Erth      0%         N/A       85%         2
 Dazzling Flash           Conj/Hex       0%         N/A       97%         3
 Kindle Blastsparks       Fire/Tloc/Air  0%         2d10      97%         3
 Swiftness                Air            0%         N/A       97%         3
 Fulminant Prism          Conj/Hex       0%         3d5       100%        4
 Iskenderun's Mystic Bla  Conj/Tloc      0%         2d3       100%        4
 Lee's Rapid Deconstruct  Erth           0%         3d4*      100%        5
 Starburst                Conj/Fire      0%         6d3       100%        6


Dungeon Overview and Level Annotations

Branches:
Dungeon (12/15)            Temple (1/1) D:5            Lair (0/5) D:10
    Orc (0/2) D:11          Sewer (visited)          Bailey (visited)

Altars:
Ashenzari
Cheibriados
Dithmenos
Elyvilon
Fedhas
Gozag
Hepliaklqana
Kikubaaqudgha
Makhleb
Nemelex Xobeh
Okawaru
Qazlal
Ru
Sif Muna
Trog
Uskayaw
Vehumet
Wu Jian
Xom
Yredelemnul
Zin
The Shining One

Shops:
D:4 *   D:6 *=*([

Annotations:
D:12 Nessos


Innate Abilities, Weirdness & Mutations

You are too large for most types of armour.
You have claws for hands.
Your natural rate of healing is unusually fast.
You are covered in fur. (AC +1)
You have tough skin. (AC +1)


Message History

Done exploring.
Done exploring.
There is an escape hatch in the floor here.
There is a stone staircase leading down here.
You climb downwards.
There is a stone staircase leading up here.
You open the door.
There is an open door here.
Nessos the Markscentaur comes into view.
They are wearing a +1 barding of stealth.
Found a scroll of identify.
Nessos shouts!
Nessos wields a +1 longbow of flaming.
It bursts into flame!
Nessos shoots an arrow.
The arrow completely misses you.
A slime creature comes into view.
Nessos shoots an arrow.
The arrow hits you! The arrow burns you.
Nessos drinks a potion.
Nessos's spells are empowered!
Nessos mumbles some strange words.
Nessos blinks!
Nessos shoots an arrow.
The arrow hits you!! The arrow burns you!
Nessos shoots an arrow.
You reflect the arrow off your +1 kite shield of reflection!
The arrow hits Nessos!
The arrow burns Nessos!
Nessos is poisoned.
Nessos mumbles some strange words.
Nessos seems to speed up.
Nessos gestures wildly while chanting.
Nessos blinks!
Nessos shoots an arrow.
The arrow hits you! The arrow burns you!
You are poisoned.
Nessos casts a spell.
Nessos blinks!
You feel very sick.
Nessos shoots an arrow.
The arrow hits you! The arrow burns you.
* * * LOW HITPOINT WARNING * * *
Nessos shoots an arrow.
The arrow hits you!!
* * * LOW HITPOINT WARNING * * *
The arrow burns you.
You are more poisoned.
* * * LOW HITPOINT WARNING * * *
There is a stone staircase leading up, spattered with blood here.
You die...

#.... #....
#.... .
#....#######..
#....#@......#
#....#.......#
#....#.......#
#....'.......#
####+#c......#
#.....J###+#..
#......# #
#....ยง.+
#......#


You could see Nessos (fast, empowered, very poisoned) and a slime creature.

Vanquished Creatures
  Fannar (D:11)
  Erolcha (D:10)
  Erica (D:8)
  The ghost of mccafe the Grappler, a novice DrTm of Wu Jian (D:9)
  3 two-headed ogres
  3 death yaks
  Pikel (D:8)
  2 orc knights (Bailey)
  A cyclops (D:11)
  Maurice (D:8)
  2 vault sentinels (D:10)
  Joseph (D:8)
  A gargoyle (D:10)
  An unseen horror (D:10)
  A kobold demonologist (D:10)
  A komodo dragon (D:11)
  2 trolls (D:11)
  A hornet (D:9)
  A shadow (D:9)
  12 yaks
  2 wraiths (D:11)
  2 wyverns (D:9)
  2 vampire mosquitoes (D:11)
  3 steam dragons
  A water moccasin (D:4)
  Duvessa (D:5)
  A black bear (D:4)
  6 orc warriors
  An ice beast (D:7)
  A sky beast (D:8)
  6 ogres
  7 centaurs
  2 phantoms
  10 kobold brigands
  5 bullfrogs (D:9)
  4 gnoll sergeants
  6 scorpions
  11 wights
  Dowan (D:5)
  7 killer bees
  3 howler monkeys
  6 electric eels (D:10)
  A hound (D:5)
  3 orc priests
  4 gnoll boudas
  A jelly (D:6)
  Jessica (D:3)
  4 iguanas
  6 orc wizards
  A hell rat (D:10)
  29 gnolls
  12 adders
  3 river rats (Sewer)
  3 ufetubi
  4 worms
  A dart slug (D:4)
  42 orcs
  6 bats
  13 endoplasms
  2 giant cockroaches
  7 goblins
  9 hobgoblins
  6 jackals
  29 kobolds
  6 quokkas
  11 ball pythons
  11 frilled lizards
  27 rats
368 creatures vanquished.

Vanquished Creatures (collateral kills)
  A howler monkey (D:11)
1 creature vanquished.

Vanquished Creatures (others)
  A killer bee (D:9)
  A gnoll (D:9)
  33 plants
35 creatures vanquished.

Grand Total: 404 creatures vanquished

Notes
Turn   | Place    | Note
-------+----------+-------------------------------------------
     0 | D:1      | greenreed the Troll Monk began the quest for the Orb.
     0 | D:1      | Reached XP level 1. HP: 22/22 MP: 0/0
    33 | D:1      | Reached XP level 2. HP: 28/29 MP: 1/1
   157 | D:1      | Found a faded altar of an unknown god.
   679 | D:2      | Reached XP level 3. HP: 36/36 MP: 2/2
  1037 | D:2      | Reached skill level 4 in Unarmed Combat
  1069 | D:2      | Reached XP level 4. HP: 45/45 MP: 3/3
  1468 | D:3      | Noticed Jessica
  1474 | D:3      | Killed Jessica
  1580 | D:3      | Reached XP level 5. HP: 40/53 MP: 4/4
  1988 | D:4      | Found Ofoklas's General Store.
  2007 | D:4      | Bought a scroll of noise for 12 gold pieces
  2007 | D:4      | Bought a +0 robe of willpower for 92 gold pieces
  2037 | D:4      | Reached skill level 5 in Unarmed Combat
  2054 | D:4      | Noticed a black bear
  2093 | D:4      | Killed a black bear
  2094 | D:4      | Reached XP level 6. HP: 61/61 MP: 5/5
  2101 | D:4      | Bought a scroll of identify for 24 gold pieces
  2117 | D:4      | Noticed a water moccasin
  2131 | D:4      | Killed a water moccasin
  2132 | D:4      | Reached skill level 6 in Unarmed Combat
  2174 | D:4      | Reached XP level 7. HP: 67/67 MP: 6/6
  2808 | D:5      | Entered Level 5 of the Dungeon
  2828 | D:5      | Reached skill level 1 in Shields
  2846 | D:5      | Noticed Dowan
  2847 | D:5      | Noticed Duvessa
  2874 | D:5      | Killed Duvessa
  2875 | D:5      | Reached skill level 7 in Unarmed Combat
  2878 | D:5      | Killed Dowan
  3106 | D:5      | Reached XP level 8. HP: 53/75 MP: 7/7
  3125 | D:5      | Found a shimmering blue altar of Sif Muna.
  3157 | D:5      | Found a glowing drain.
  3161 | Sewer    | Entered a sewer
  3203 | Sewer    | Reached skill level 8 in Unarmed Combat
  3730 | D:5      | Found a staircase to the Ecumenical Temple.
  3789 | Temple   | Entered the Ecumenical Temple
  3796 | Temple   | Became a worshipper of Warmaster Okawaru
  3796 | Temple   | Reached * piety under Okawaru
  3796 | Temple   | Reached ** piety under Okawaru
  3821 | D:5      | Identified a scroll of acquirement
  3824 | D:5      | Acquired 893 gold pieces
  3906 | D:5      | Reached skill level 9 in Unarmed Combat
  3953 | D:5      | Found a glowing golden altar of the Shining One.
  4035 | D:5      | Found a hazy altar of Hepliaklqana.
  4231 | D:5      | Reached skill level 5 in Dodging
  4256 | D:6      | Reached XP level 9. HP: 83/83 MP: 8/8
  4314 | D:6      | Found Hymuk's Antique Armour Shoppe.
  4347 | D:6      | Found Tit Izesi's Antique Weapon Shoppe.
  4622 | D:6      | Found Jokkiu's General Store.
  4630 | D:6      | Bought a scroll of identify for 30 gold pieces
  4630 | D:6      | Bought a condenser vane for 600 gold pieces
  4630 | D:6      | Bought a scroll of teleportation for 45 gold pieces
  4669 | D:6      | Found Akockour's General Store.
  4669 | D:6      | Found Qinefient's Jewellery Boutique.
  4692 | D:6      | Bought a potion of degeneration for 15 gold pieces
  4692 | D:6      | Bought a +2 tower shield of protection for 322 gold pieces
  4871 | D:6      | Found a white marble altar of Elyvilon.
  5209 | D:7      | Found a radiant altar of Vehumet.
  5215 | D:7      | Found a stormy altar of Qazlal.
  5222 | D:7      | Reached *** piety under Okawaru
  5232 | D:7      | Found a flagged portal.
  5277 | Bailey   | Entered a bailey
  5347 | Bailey   | Noticed an orc knight
  5350 | Bailey   | Noticed an orc knight
  5372 | Bailey   | Killed an orc knight
  5373 | Bailey   | Reached skill level 10 in Unarmed Combat
  5422 | Bailey   | Killed an orc knight
  5422 | Bailey   | Reached **** piety under Okawaru
  5932 | D:7      | Reached skill level 11 in Unarmed Combat
  6104 | D:7      | Reached XP level 10. HP: 94/94 MP: 9/9
  6169 | D:6      | Bought a ring of poison resistance for 300 gold pieces
  6383 | D:8      | Noticed Maurice
  6399 | D:8      | Killed Maurice
  6438 | D:8      | Noticed Erica
  6444 | D:8      | Killed Erica
  6480 | D:8      | Found an opulent altar of Gozag.
  6491 | D:8      | Identified the +2 glaive of the Cup {antimagic, *Noise
                  | Int+7}
  6597 | D:8      | Noticed Joseph
  6607 | D:8      | Killed Joseph
  6607 | D:8      | Reached ***** piety under Okawaru
  6608 | D:8      | Reached skill level 12 in Unarmed Combat
  6839 | D:8      | Noticed Pikel
  6843 | D:8      | Killed Pikel
  6893 | D:9      | Noticed mccafe's ghost (novice DrTm)
  6897 | D:9      | Found a runed translucent door.
  6921 | D:9      | Killed mccafe's ghost
  6922 | D:9      | Reached skill level 5 in Fighting
  6922 | D:9      | Reached skill level 13 in Unarmed Combat
  6933 | D:9      | Acquired a manual of Unarmed Combat
  7069 | D:9      | Reached skill level 14 in Unarmed Combat
  7069 | D:9      | Received a gift from Okawaru
  7207 | D:9      | Noticed a two-headed ogre
  7214 | D:9      | Killed a two-headed ogre
  7215 | D:9      | Reached XP level 11. HP: 100/104 MP: 10/10
  7409 | D:9      | Found a bloodstained altar of Trog.
  7621 | D:9      | Noticed a two-headed ogre
  7637 | D:9      | Killed a two-headed ogre
  7638 | D:9      | Reached skill level 5 in Shields
  7638 | D:9      | Reached skill level 15 in Unarmed Combat
  7897 | D:10     | Entered Level 10 of the Dungeon
  7901 | D:10     | Found a sparkling altar of Nemelex Xobeh.
  7936 | D:10     | Noticed a death yak
  7953 | D:9      | Killed a death yak
  7953 | D:9      | Reached ****** piety under Okawaru
  7972 | D:9      | Reached skill level 16 in Unarmed Combat
  8020 | D:10     | Noticed a death yak
  8021 | D:10     | Found a staircase to the Lair.
  8021 | D:10     | Noticed a death yak
  8028 | D:10     | Killed a death yak
  8033 | D:10     | Killed a death yak
  8188 | D:10     | Reached skill level 17 in Unarmed Combat
  8195 | D:10     | Found a hide-covered altar of Uskayaw.
  8249 | D:10     | Identified the +2 mace of Peace {holy, rF+ Int+3}
  8365 | D:10     | Noticed Erolcha
  8401 | D:10     | Killed Erolcha
  8401 | D:10     | Received a gift from Okawaru
  9014 | D:10     | Noticed a two-headed ogre
  9018 | D:10     | Killed a two-headed ogre
  9019 | D:10     | Reached XP level 12. HP: 114/114 MP: 11/11
  9169 | D:10     | Found the +18 shield of the Gong {Loud rElec rN+ Will+
                  | EV-5}
  9460 | D:6      | Bought a ring of flight for 262 gold pieces
  9766 | D:11     | Noticed Fannar
  9789 | D:11     | Killed Fannar
  9790 | D:11     | Reached skill level 18 in Unarmed Combat
  9973 | D:11     | Found a staircase to the Orcish Mines.
  9992 | D:11     | Received a gift from Okawaru
 10557 | D:12     | Noticed Nessos
 10567 | D:12     | HP: 2/115 [Nessos/arrow (6)]
 10568 | D:12     | Succumbed to Nessos's poison

Illustrated notes

Levels and vault maps discovered:
D:1:      dpeg_arrival_rooms_c, layout_basic, basic_ecumenical_altar, hex_tiny,
          serial_bayou_crossing
D:2:      minmay_alternating_diamond, layout_basic, serial_bayou_lagoon_a
D:3:      layout_rooms, lexackson_kobold_supper, uniq_jessica
D:4:      layout_basic, serial_shops, shop, minmay_vboxes
D:5:      layout_basic, nicolae_hepliaklqana_hippocampus,
          overflow_temple_1_default, nicolae_sif_muna_little_library,
          minmay_temple_entry_statues, portal_sewer_entry_e, uniq_duvessa
D:6:      layout_basic, elyvilon_altar_1, serial_shops, shop,
          nicolae_shop_window_shopping, nicolae_stop_n_shop_1,
          nicolae_shop_overgrown_old_shop, kennysheep_mini
D:7:      layout_loops_corners, mainiacjoe_overflow_large_starburst,
          enter_bailey_6
D:8:      layout_basic, lemuel_round_altar, uniq_erica, uniq_pikel,
          uniq_maurice, uniq_joseph
D:9:      layout_small_grid, tgw_trog, hellmonk_ghost_happy_afterlife,
          onia_ninara_cookie
D:10:     layout_basic, mainiacjoe_overflow_chevrons,
          nemelex_xobeh_ov_fountains_minmay, dpeg_lair_monsters,
          hellmonk_guarded_unrand_gong, uniq_erolcha
D:11:     layout_basic, kennysheep_orc_monster_closet_entryway, uniq_fannar
D:12:     layout_gridville, uniq_urug, uniq_jorgrun, uniq_sonja, uniq_nessos,
          uniq_frances
Temple:   nicolae_temple_no_exploring_needed

Skill      XL: |  1  2  3  4  5  6  7  8  9 10 11 12 |
---------------+-------------------------------------+-----
Fighting       | 3 4 5 6 |  6.4
Unarmed Combat | 4 5 6 7 9 11 14 17 18 | 18.7
Dodging        | 3 4 5 6 7 |  7.1
Shields        | 1 2 3 4 5 6 |  6.0
Stealth        | 2 3 |  3.6
Throwing       | |  0.7

Action                     |  1- 3 |  4- 6 |  7- 9 | 10-12 || total
---------------------------+-------+-------+-------+-------++-------
  Melee: Unarmed           |    85 |   128 |   299 |   387 ||   899
         Punch             |       |     1 |     9 |       ||    10
  Throw: Javelin           |       |       |       |     1 ||     1
         Large rock        |       |       |       |     3 ||     3
         Dart              |       |       |       |     1 ||     1
    Use: Scroll            |       |     4 |     5 |     3 ||    12
         Potion            |       |       |       |     2 ||     2
   Stab: Sleeping          |     3 |     4 |     3 |     1 ||    11
         Distracted        |       |       |     2 |     2 ||     4
 Armour: Robe              |    30 |    19 |    42 |    39 ||   130
  Dodge: Dodged            |    31 |    42 |   135 |   122 ||   330
  Block: Other             |       |    13 |    38 |       ||    51
         Reflection        |       |       |     1 |     8 ||     9
         Tower shield      |       |       |    69 |       ||    69
         Kite shield       |       |       |    13 |   261 ||   274

Table legend: (Time is in decaauts)
 A = Elapsed time spent in this place.
 B = Non-inter-level travel time spent in this place.
 C = Inter-level travel time spent in this place.
 D = Time resting spent in this place.
 E = Time spent auto-exploring this place.
 F = Levels seen in this place.
 G = Mean time per level.
                   A        B        C        D        E       F      G
               +--------+--------+--------+--------+--------+-----+--------+
         Total |  10477 |   9702 |    775 |    442 |   6762 |  15 |  698.5 |
       Dungeon |   9634 |   8871 |    763 |    399 |   6328 |  12 |  802.8 |
        Temple |     14 |      2 |     12 |      0 |      0 |   1 |   14.0 |
         Sewer |    487 |    487 |      0 |      0 |    319 |   1 |  487.0 |
        Bailey |    340 |    340 |      0 |     43 |    115 |   1 |  340.0 |
               +--------+--------+--------+--------+--------+-----+--------+

Top non-repeatable levels by time:
    D:10: 1509 daAuts
     D:9: 1164 daAuts
     D:7: 1043 daAuts
     D:4: 939 daAuts
     D:5: 882 daAuts
    D:11: 837 daAuts
     D:6: 779 daAuts
     D:2: 748 daAuts
     D:1: 666 daAuts
     D:8: 537 daAuts
     D:3: 508 daAuts
   Sewer: 487 daAuts
  Bailey: 340 daAuts
    D:12: 16 daAuts
  Temple: 14 daAuts
